 Dungeon Crawl Stone Soup version 0.20.1-1-g8b1a95d (webtiles) character file.

522 digijack the Insei (level 7, -5/40 HPs)
             Began as an Octopode Transmuter on Dec 7, 2017.
             Was an Initiate of Vehumet.
             Slain by a hippogriff (9 damage)
             ... on level 5 of the Dungeon on Dec 8, 2017.
             The game lasted 00:30:24 (4735 turns).

digijack the Insei (Octopode Transmuter)            Turns: 4735, Time: 00:30:24

Health: -5/40      AC:  3    Str:  9    XL:     7   Next: 22%
Magic:  11/12      EV: 13    Int: 16    God:    Vehumet [......]
Gold:   270        SH:  0    Dex: 14    Spells: 7/13 levels left

rFire    . . .     SeeInvis .     - Unarmed
rCold    + . .     Gourm    .   (no shield)
rNeg     . . .     Faith    .   (helmet restricted)
rPois    .         Spirit   .   (no amulet)
rElec    .         Reflect  .   h - ring of flight
rCorr    .         Harm     .   i - ring of protection from cold (curse)
MR       .....                  (no ring)
Stlth    +++.......             (no ring)
Regen    0.0/turn               (no ring)
MPRegen  0.2/turn               (no ring)
                                (no ring)
                                (no ring)

@: appendage, slightly contaminated
A: almost no armour, stealthy swim, amphibious, 8 rings, constrict 8, antennae
1, tentacle spike 3, icy blue scales 1, camouflage 1, frail 1, mutation
resistance 1, inhibited regeneration, gelatinous body 1
a: End Transformation, Renounce Religion, Evoke Flight


You were on level 5 of the Dungeon.
You worshipped Vehumet.
Vehumet was noncommittal.
You were not hungry.
One of your tentacles had a temporary spike.
You visited 1 branch of the dungeon, and saw 5 of its levels.

You collected 270 gold pieces.

Inventory:

Jewellery
 h - a ring of flight (left tentacle)
 i - a cursed ring of protection from cold (right tentacle)
Scrolls
 a - 2 scrolls of teleportation
 e - 2 scrolls of identify
 g - 2 scrolls of enchant weapon
 j - a scroll of amnesia
 l - a scroll of recharging
Potions
 k - a potion of agility
Books
 b - a book of Changes

   Spells                             Type                      Level
   a - Beastly Appendage              Transmutation                1
   b - Sticks to Snakes               Transmutation                2
   c - Spider Form                    Transmutation/Poison         3
   d - Ice Form                       Ice/Transmutation            4
   e - Blade Hands                    Transmutation                5
Comestibles
 c - 3 bread rations
 d - a royal jelly
 f - 8 fruits


   Skills:
 + Level 2.4 Fighting
 - Level 2.2 Dodging
 + Level 3.2 Stealth
 + Level 4.9 Unarmed Combat
 + Level 3.6 Spellcasting
 + Level 4.1 Transmutations


You had 7 spell levels left.
You knew the following spells:

 Your Spells              Type           Power        Failure   Level  Hunger
a - Beastly Appendage     Tmut           ###...       3%          1    None
b - Blade Hands           Tmut           ###.......   65%         5    ######.


Dungeon Overview and Level Annotations

Branches:
Dungeon (5/15)
 Temple: D:4-7

Altars:
Elyvilon
Gozag
Hepliaklqana
Okawaru
Qazlal
Ru
Vehumet


Innate Abilities, Weirdness & Mutations

You cannot wear most types of armour.
You are very stealthy in the water. (Stealth+)
You are amphibious.
You can wear up to eight rings at the same time.
You can use your tentacles to constrict eight enemies at once.
Your skin changes colour to match your surroundings (Stealth+).
Your rubbery body absorbs attacks. (AC +1, EV +1)
You have a pair of small antennae on your head.
One of your tentacles bears a large vicious spike.
You are partially covered in icy blue scales. (AC +2)
You are frail. (-10% HP)
You are somewhat resistant to further mutation.
You do not regenerate when monsters are visible.


Message History

The hippogriff claws you!
You tentacle-slap the hippogriff but do no damage.
Your tentacle-slap misses the hippogriff.
You squeeze the hippogriff.
The hippogriff is moderately wounded.
The hippogriff bites you! The hippogriff pecks you.
The hippogriff barely misses you.
You tentacle-slap the hippogriff. You squeeze the hippogriff!
The hippogriff is severely wounded.
The hippogriff bites you. The hippogriff barely misses you. x2
You closely miss the hippogriff.
The hippogriff is severely wounded.
The hippogriff bites you.
* * * LOW HITPOINT WARNING * * *
The hippogriff closely misses you. The hippogriff claws you.
* * * LOW HITPOINT WARNING * * *
You tentacle-slap the hippogriff.
You pierce the hippogriff.
The hippogriff is severely wounded.
The hippogriff bites you!
You die...

######################
#.....(.H...#.......H.
#.#########.#.########
#.#..@H...#.#.#
#H#.#.....#.#H#
#.#.......#.#.#
#.#######.#.#.# #.#
#.#.#.# #.# #.#H#.#
#.# #.#.#.#
#.#######.#.#.#
#.........#...#


You could see a hippogriff.

Vanquished Creatures
  2 ogres (D:4)
  2 jellies
  2 hounds (D:4)
  2 worker ants (D:4)
  A gnoll (D:1)
  6 adders
  An ooze (D:1)
  4 worms
  3 dart slugs
  2 leopard geckos
  13 orcs
  A ball python (D:1)
  5 giant cockroaches
  7 goblins
  9 hobgoblins
  6 jackals (D:2)
  A quokka (D:4)
  11 bats
  3 frilled lizards
  A jackal skeleton (D:4)
  6 kobolds
  9 rats
97 creatures vanquished.

Notes
Turn   | Place    | Note
-------+----------+-------------------------------------------
     0 | D:1      | digijack the Octopode Transmuter began the quest for the Orb.
     0 | D:1      | Reached XP level 1. HP: 13/13 MP: 3/3
    43 | D:1      | Reached XP level 2. HP: 18/18 MP: 3/5
   204 | D:1      | Reached XP level 3. HP: 23/23 MP: 4/6
   745 | D:2      | Reached XP level 4. HP: 28/28 MP: 7/7
  1112 | D:2      | Gained mutation: You are somewhat resistant to further mutation. [potion of mutation]
  1112 | D:2      | Gained mutation: You are partially covered in icy blue scales. (AC +2) [potion of mutation]
  1112 | D:2      | Gained mutation: You have a pair of small antennae on your head. [potion of mutation]
  1112 | D:2      | Gained mutation: One of your tentacles bears a spike. [potion of mutation]
  1369 | D:2      | Reached skill level 1 in Stealth
  1697 | D:3      | Reached XP level 5. HP: 23/33 MP: 9/9
  1707 | D:3      | Learned a level 5 spell: Blade Hands
  2067 | D:3      | Found a hazy altar of Hepliaklqana.
  2070 | D:3      | Found a radiant altar of Vehumet.
  2071 | D:3      | Found a sacrificial altar of Ru.
  2071 | D:3      | Found a white marble altar of Elyvilon.
  2071 | D:3      | Found an iron altar of Okawaru.
  2075 | D:3      | Found a stormy altar of Qazlal.
  2076 | D:3      | Found an opulent altar of Gozag.
  2103 | D:3      | Became a worshipper of Vehumet
  2555 | D:4      | Got a smoking short sword
  2556 | D:4      | Identified the +11 short sword of Impeachment {pierce, -Tele +Inv rF+} (You found it on level 4 of the Dungeon)
  2576 | D:4      | Got a scorched short sword
  2577 | D:4      | Identified the +4 short sword of the Shallot {elec, +Fly Dex+3} (You found it on level 4 of the Dungeon)
  2945 | D:4      | Reached XP level 6. HP: 35/39 MP: 10/10
  3920 | D:4      | Reached XP level 7. HP: 8/45 MP: 12/12
  4280 | D:5      | Entered Level 5 of the Dungeon
  4464 | D:5      | Noticed a hippogriff
  4474 | D:5      | Gained mutation: You do not regenerate when monsters are visible. [mutagenic glow]
  4528 | D:5      | Lost mutation: One of your tentacles bears a spike. [mutagenic glow]
  4587 | D:5      | Gained mutation: You are frail. (-10% HP) [mutagenic glow]
  4735 | D:5      | Slain by a hippogriff

Skill      XL: |  1  2  3  4  5  6 |
---------------+-------------------+-----
Unarmed Combat | 4 |  4.9
Stealth        | 1 2 3 |  3.2
Spellcasting   | 3 |  3.6
Transmutations | 3 4 |  4.1
Fighting       | 2 |  2.4
Dodging        | |  2.2

Action                   |  1- 3 |  4- 6 |  7- 9 || total
-------------------------+-------+-------+-------++-------
Melee: Unarmed           |    57 |   164 |    10 ||   231
       Kick              |    10 |    45 |     3 ||    58
       Constrict         |    17 |    42 |       ||    59
       Tentacles         |    10 |    28 |     3 ||    41
       Punch             |       |     4 |       ||     4
 Cast: Beastly Appendage |    12 |     4 |     1 ||    17
       Blade Hands       |       |     1 |       ||     1
  Use: Scroll            |     5 |     8 |       ||    13
       Potion            |     3 |     4 |       ||     7
 Stab: Sleeping          |     3 |     7 |     1 ||    11
  Eat: Chunk             |       |    10 |       ||    10
       Bread ration      |       |     1 |       ||     1
Armor: Skin              |     9 |    17 |     1 ||    27
Dodge: Dodged            |    36 |    77 |     7 ||   120
